 Dungeon Crawl Stone Soup version 0.30-a0-586-g23e55c9e0a (webtiles) character file.

Game seed: 5666975902025935233

743 Darkkill the Shooter (level 7, -7/61 HPs)
             Began as a Minotaur Hunter on Jan 3, 2023.
             Splashed by a jelly's acid (9 damage)
             ... on level 4 of the Dungeon.
             The game lasted 00:03:16 (2802 turns).

Darkkill the Shooter (Minotaur Hunter)              Turns: 2802, Time: 00:03:17

Health: -7/61      AC: 11    Str: 15    XL:     7   Next: 47%
Magic:  6/6        EV:  5    Int:  6    God:
Gold:   130        SH:  0    Dex: 20    Spells: 6/6 levels left

rFire   + . .      SeeInvis .    a - +0 shortbow
rCold   . . .      Faith    .    (shield currently unavailable)
rNeg    . . .      Spirit   .    h - +1 plate armour
rPois   .          Reflect  .    (helmet restricted)
rElec   .          Harm     .    (no cloak)
rCorr   .          Rampage  .    (no gloves)
Will    .....                    (no boots) Stlth
                                 c - amulet of Dituqu {rF+ Regen+ Dex+4}
HPRegen 1.10/turn                (no ring)
MPRegen 0.10/turn                (no ring)

@: lethally poisoned (-7 -> -7)
A: horns 2, retaliatory headbutt
a: no special abilities


You were on level 4 of the Dungeon.
You visited 1 branch of the dungeon, and saw 4 of its levels.

You collected 130 gold pieces.

Inventory:

Hand Weapons
 a - a +0 shortbow (weapon)
Missiles
 e - 21 stones
 i - 3 javelins
 j - 9 poisoned darts
Armour
 h - a +1 plate armour (worn)
Jewellery
 c - the amulet of Dituqu (around neck) {rF+ Regen+ Dex+4}
   (You acquired it on level 1 of the Dungeon)

   [amulet of regeneration]

   Dex:       It affects your dexterity (+4).
   rF:        It protects you from fire.
   Regen:     It increases your rate of health regeneration.
 f - an amulet of the acrobat
Scrolls
 b - a scroll of immolation
 r - a scroll of vulnerability
Potions
 d - a potion of flight
 g - a potion of brilliance
 k - a potion of might
 q - 2 potions of attraction


   Skills:
 + Level 5.5 Fighting
 + Level 6.3 Ranged Weapons
 + Level 5.0 Dodging
 + Level 3.7 Stealth


You had 6 spell levels left.
You didn't know any spells.
Your spell library contained the following spells:

 Spells                   Type           Power      Damage    Failure   Level
 Foxfire                  Conj/Fire      0%         2x1d4     100%        1
 Ensorcelled Hibernation  Hex/Ice        0%         N/A       100%        2
 Dazzling Flash           Conj/Hex       0%         N/A       100%        3
 Gell's Gravitas          Tloc           0%         N/A       100%        3
 Lesser Beckoning         Tloc           0%         N/A       100%        3
 Spider Form              Tmut/Pois      0%         N/A       100%        3
 Teleport Other           Tloc           0%         N/A       100%        3
 Anguish                  Hex/Necr       0%         N/A       100%        4
 Iskenderun's Mystic Bla  Conj/Tloc      0%         2d3       100%        4
 Fireball                 Conj/Fire      0%         3d3       100%        5
 Starburst                Conj/Fire      0%         6d3       100%        6


Dungeon Overview and Level Annotations

Branches:
Dungeon (4/15)
 Temple: D:4-7

Altars:
Qazlal

Annotations:
D:3 1 runed translucent door, Crazy Yiuf


Innate Abilities, Weirdness & Mutations

You have a pair of horns on your head.
You reflexively headbutt those who attack you in melee.


Message History

You are poisoned.
The scorpion poisons you!
The scorpion stings you but does no damage.
A scorpion is nearby!
You shoot an arrow. The arrow closely misses the scorpion.
You feel very sick. The scorpion stings you. The scorpion barely misses you.
A scorpion is nearby!
You shoot an arrow.
The arrow hits the scorpion but does no damage.
The scorpion is moderately wounded.
You feel very sick. The scorpion barely misses you. You furiously retaliate!
You headbutt the scorpion.
The scorpion stings you but does no damage.
A scorpion is nearby!
You shoot an arrow.
The arrow hits the scorpion but does no damage.
The scorpion is severely wounded.
You feel sick. The scorpion barely misses you.
The scorpion stings you but does no damage.
A scorpion is nearby!
You shoot an arrow. The arrow closely misses the scorpion.
You feel sick.
You are no longer poisoned.
The scorpion stings you but does no damage. x2
The scorpion stings you.
You are poisoned.
The scorpion poisons you!
A scorpion is nearby!
You shoot an arrow.
The arrow hits the scorpion but does no damage.
The scorpion is severely wounded.
You feel very sick. The scorpion stings you.
You are more poisoned.
The scorpion poisons you! The scorpion stings you.
A scorpion is nearby!
You are too injured to fight recklessly!
A scorpion is nearby!
You are too injured to fight recklessly!
A scorpion is nearby!
You are too injured to fight recklessly!
A scorpion is nearby!
You are too injured to fight recklessly!
A scorpion is nearby!
You are too injured to fight recklessly!
A scorpion is nearby!
Fire: a) +0 shortbow
Press: ? - help, Q - select action, (/) - cycle Shift-Dir - straight line, f/p - scorpion
Aim: a scorpion (severely wounded, 67% to hit)
You shoot an arrow. The arrow closely misses the scorpion.
You feel extremely sick.
The scorpion stings you but does no damage. x2
A jelly comes into view.
Fire: a) +0 shortbow
Press: ? - help, Q - select action, (/) - cycle Shift-Dir - straight line, f/p - scorpion
Aim: a scorpion (severely wounded, 67% to hit)
You shoot an arrow. The arrow hits the scorpion.
The scorpion is almost dead.
You feel very sick. The scorpion stings you.
You are more poisoned.
The scorpion poisons you!
The scorpion stings you but does no damage.
The scorpion stings you.
You are more poisoned.
The scorpion poisons you!
Fire: a) +0 shortbow
Press: ? - help, Q - select action, (/) - cycle Shift-Dir - straight line, f/p - scorpion
Aim: a scorpion (almost dead, 67% to hit)
You shoot an arrow. The arrow closely misses the scorpion.
The arrow hits the jelly!
The jelly is moderately wounded.
* * * LOW HITPOINT WARNING * * *
You feel extremely sick.
The scorpion stings you but does no damage.
The scorpion stings you.
* * * LOW HITPOINT WARNING * * *
The jelly barely misses you.
Fire: a) +0 shortbow
Press: ? - help, Q - select action, (/) - cycle Shift-Dir - straight line, f/p - scorpion
Aim: a scorpion (almost dead, 67% to hit)
You shoot an arrow. The arrow hits the scorpion.
You kill the scorpion!
* * * LOW HITPOINT WARNING * * *
You feel extremely sick. The jelly hits you but does no damage.
Your Dodging skill increases to level 5!
Unknown command.
Okay, then.
You feel very sick.
You shoot an arrow. The arrow hits the jelly.
The jelly is moderately wounded.
* * * LOW HITPOINT WARNING * * *
You feel very sick. The jelly barely misses you. You furiously retaliate!
You headbutt the jelly! The jelly hits you.
* * * LOW HITPOINT WARNING * * *
You are splashed with acid!
You die...

...# #......'..........#
#### #......#..........#
...# #..>...#..........#
...# #......#....<.....#
..## ##.....#..........#
...# ##.....############
##.# #................
..## #................
...# #........@.......
...# #......##J..##...
..#######.....##...#
........#.....##....†.
........#..........##...
#####...'..........# ..
#...#..........$ .
#...#............
#...#.....##......


You could see a jelly.

Vanquished Creatures
  Pikel (D:4)
  A scorpion (D:4)
  An orc priest (D:3)
  Jessica (D:3)
  An iguana (D:4)
  8 adders
  2 worms (D:3)
  2 orcs (D:3)
  4 bats (D:3)
  5 endoplasms
  A giant cockroach (D:1)
  5 goblins
  7 hobgoblins
  4 quokkas
  6 ball pythons
  A frilled lizard (D:2)
  3 kobolds
  7 rats
60 creatures vanquished.

Notes
Turn   | Place    | Note
-------+----------+-------------------------------------------
     0 | D:1      | Darkkill the Minotaur Hunter began the quest for the Orb.
     0 | D:1      | Reached XP level 1. HP: 18/18 MP: 0/0
   185 | D:1      | Reached skill level 1 in Stealth
   208 | D:1      | Reached XP level 2. HP: 24/25 MP: 1/1
   728 | D:1      | Identified a scroll of acquirement
   728 | D:1      | Acquired the amulet of Dituqu {rF+ Regen+ Dex+4}
  1445 | D:2      | Reached XP level 3. HP: 31/31 MP: 2/2
  1640 | D:3      | Reached XP level 4. HP: 38/38 MP: 3/3
  1892 | D:3      | Noticed Jessica
  1916 | D:3      | Killed Jessica
  1917 | D:3      | Reached skill level 5 in Ranged Weapons
  2248 | D:3      | Found a runed translucent door.
  2249 | D:3      | Noticed Crazy Yiuf
  2449 | D:4      | Reached XP level 5. HP: 46/46 MP: 4/4
  2621 | D:4      | Found a stormy altar of Qazlal.
  2626 | D:4      | Noticed a lemure
  2626 | D:4      | Noticed a lemure
  2626 | D:4      | Noticed Pikel
  2628 | D:4      | Noticed a lemure
  2629 | D:4      | Noticed a lemure
  2655 | D:4      | Killed Pikel
  2656 | D:4      | Reached skill level 5 in Fighting
  2656 | D:4      | Reached skill level 6 in Ranged Weapons
  2656 | D:4      | Reached XP level 6. HP: 18/56 MP: 5/5
  2656 | D:4      | Reached XP level 7. HP: 20/61 MP: 6/6
  2800 | D:4      | HP: 8/61 [poisoned by a scorpion]
  2801 | D:4      | Reached skill level 5 in Dodging
  2802 | D:4      | HP: 3/61 [poisoned by a scorpion]
  2802 | D:4      | Splashed by a jelly's acid

Illustrated notes

Levels and vault maps discovered:
D:1:      tarquinn_simple_flora_water_d, layout_basic
D:2:      layout_loops_ring, grunt_ministairs_4, chequers_serial_rivers_room_a
D:3:      layout_loops_ring, roderic_lattice_a, uniq_crazy_yiuf_cottage,
          uniq_jessica
D:4:      layout_gridville, general_overflow_altar, makhleb_blood_cavern_becter,
          mainiacjoe_overflow_surrounded_room, uniq_natasha, uniq_eustachio,
          uniq_duvessa, uniq_pikel

Skill      XL: |  1  2  3  4  5  6  7 |
---------------+----------------------+-----
Stealth        | 1 2 3 |  3.7
Fighting       | 3 5 |  5.5
Dodging        | 3 4 5 |  5.0
Ranged Weapons | 5 6 |  6.3

Action                   |  1- 3 |  4- 6 |  7- 9 || total
-------------------------+-------+-------+-------++-------
 Fire: Shortbow          |   118 |    97 |    26 ||   241
Evoke: Wand              |       |     5 |       ||     5
  Use: Scroll            |     9 |     5 |       ||    14
       Potion            |     1 |     4 |       ||     5
Armor: Plate armour      |    98 |    71 |    18 ||   187
Dodge: Dodged            |    20 |    25 |     8 ||    53

Table legend: (Time is in decaauts)
 A = Elapsed time spent in this place.
 B = Non-inter-level travel time spent in this place.
 C = Inter-level travel time spent in this place.
 D = Time resting spent in this place.
 E = Time spent auto-exploring this place.
 F = Levels seen in this place.
 G = Mean time per level.
                   A        B        C        D        E       F      G
               +--------+--------+--------+--------+--------+-----+--------+
         Total |   3027 |   2994 |     33 |     46 |   2300 |   4 |  756.8 |
       Dungeon |   3027 |   2994 |     33 |     46 |   2300 |   4 |  756.8 |
               +--------+--------+--------+--------+--------+-----+--------+

Top non-repeatable levels by time:
     D:3: 1024 daAuts
     D:1: 813 daAuts
     D:2: 748 daAuts
     D:4: 440 daAuts

Table legend:
 A = Kills in this place as a percentage of kills in entire the game.
 B = Kills by you in this place as a percentage of kills by you in the entire game.
 C = Kills by friends in this place as a percentage of kills by friends in the entire game.
 D = Other kills in this place as a percentage of other kills in the entire game.
 E = Experience gained in this place as a percentage of experience gained in the entire game.
 F = Experience gained in this place divided by the number of levels of this place that you have seen.
                   A       B       C       D       E      F
               +-------+-------+-------+-------+-------+----------------------
         Total | 100.0 | 100.0 |   N/A |   N/A | 100.0 | 265.5
       Dungeon | 100.0 | 100.0 |   N/A |   N/A | 100.0 | 265.5
               +-------+-------+-------+-------+-------+----------------------
